 Dungeon Crawl Stone Soup version 0.30-a0-622-gddc90eaa04 (webtiles) character file.

Game seed: 15464844288068082422

107 bmack86 the Trooper (level 4, -1/41 HPs)
             Began as a Minotaur Fighter on Jan 10, 2023.
             Slain by an orc wizard
             ... wielding a +2 dagger of venom
              (3 damage)
             ... on level 4 of the Dungeon.
             The game lasted 00:04:20 (1650 turns).

bmack86 the Trooper (Minotaur Fighter)              Turns: 1650, Time: 00:04:21

Health: -1/41      AC:  8    Str: 22    XL:     4   Next: 56%
Magic:  3/3        EV:  9    Int:  5    God:
Gold:   108        SH:  4    Dex: 10    Spells: 3/3 levels left

rFire   . . .      SeeInvis .    a - +0 war axe
rCold   . . .      Faith    .    c - +0 buckler
rNeg    . . .      Spirit   .    b - +0 scale mail
rPois   .          Reflect  .    (helmet restricted)
rElec   .          Harm     .    h - +0 cloak
rCorr   .          Rampage  .    (no gloves)
Will    .....                    (no boots) Stlth
                                 i - amulet of magic regeneration
HPRegen 0.26/turn                (no ring)
MPRegen 0.48/turn                (no ring)

@: lethally poisoned (-1 -> -4)
A: horns 2, retaliatory headbutt
a: no special abilities


You were on level 4 of the Dungeon.
You visited 1 branch of the dungeon, and saw 5 of its levels.

You collected 108 gold pieces.

Inventory:

Hand Weapons
 a - a +0 war axe (weapon)
Missiles
 k - 8 poisoned darts (quivered)
Armour
 b - a +0 scale mail (worn)
 c - a +0 buckler (worn)
 h - a +0 cloak (worn)
Jewellery
 i - an amulet of magic regeneration (around neck)
Wands
 t - a wand of paralysis (5)
Scrolls
 e - 3 scrolls of identify {unknown}
 f - 2 scrolls of blinking {unknown}
 g - a scroll of immolation {unknown}
 l - a scroll of poison {unknown}
 p - a scroll of torment {unknown}
 r - a scroll of magic mapping {unknown}
 s - a scroll of vulnerability {unknown}
Potions
 d - 2 potions of might
 j - a potion of attraction {unknown}
 m - 2 potions of brilliance {unknown}
 n - a potion of flight {unknown}
 o - a potion of magic {unknown}
 q - a potion of degeneration {unknown}


   Skills:
 * Level 4.6 Fighting
 * Level 3.8 Axes
 + Level 1.1 Throwing
 + Level 4.2 Armour
 + Level 4.0 Shields


You had 3 spell levels left.
You didn't know any spells.
Your spell library contained the following spells:

 Spells                   Type           Power      Damage    Failure   Level
 Magic Dart               Conj           0%         1d3       87%         1
 Blink                    Tloc           0%         N/A       95%         2
 Momentum Strike          Conj/Tloc      0%         3d8       95%         2
 Searing Ray              Conj           0%         2d4       95%         2
 Lesser Beckoning         Tloc           0%         N/A       99%         3
 Fulminant Prism          Conj/Hex       0%         3d5       100%        4


Dungeon Overview and Level Annotations

Branches:
Dungeon (5/15)
 Temple: D:4-7

Altars:
Elyvilon


Innate Abilities, Weirdness & Mutations

You have a pair of horns on your head.
You reflexively headbutt those who attack you in melee.


Message History

You slash the scorpion!
The scorpion is heavily wounded.
You feel very sick.
The orc wizard gestures at you while chanting.
You resist with significant effort. The scorpion stings you.
You are more poisoned.
The scorpion poisons you!
You hit the scorpion.
The scorpion is severely wounded.
You hit the orc.
You feel very sick. The scorpion stings you. The orc closely misses you.
The scorpion stings you but does no damage.
You hit the scorpion.
The scorpion is almost dead.
You hit the orc.
* * * LOW HITPOINT WARNING * * *
You feel very sick. The scorpion barely misses you.
The orc hits you with a +0 flail.
* * * LOW HITPOINT WARNING * * *
You block the scorpion's attack. The orc wizard barely misses you.
The orc closely misses you.
You slash the scorpion!
You kill the scorpion!
You barely miss the orc. You slash the orc!
You kill the orc!
You hit the orc wizard.
* * * LOW HITPOINT WARNING * * *
You feel sick. The orc wizard closely misses you. The orc barely misses you.
Your Throwing skill increases to level 1!
Your Shields skill increases to level 4!
You have reached level 4!
You feel agile.
You closely miss the orc wizard.
The orc wizard is lightly wounded.
You barely miss the orc.
* * * LOW HITPOINT WARNING * * *
You feel sick.
The orc wizard hits you with a +2 dagger of venom.
You die...

#########
.#........# ####
..........# .....
#........# .....
.#........#......
[.........#.>....
........o@.......
#......o)#......
#.....>..# .....
#............###
#........###.#
$...........
...#...####.#
....... ...
...###. ...


You could see an orc wizard and an orc.

Vanquished Creatures
  A scorpion (D:4)
  A worm (D:2)
  A dart slug (D:1)
  An orc (D:4)
  6 bats
  3 endoplasms
  2 giant cockroaches
  4 goblins
  2 hobgoblins (D:2)
  3 kobolds
  A quokka (D:1)
  7 ball pythons
  A frilled lizard (D:2)
  8 rats
41 creatures vanquished.

Notes
Turn   | Place    | Note
-------+----------+-------------------------------------------
     0 | D:1      | bmack86 the Minotaur Fighter began the quest for the Orb.
     0 | D:1      | Reached XP level 1. HP: 19/19 MP: 0/0
   188 | D:1      | Reached XP level 2. HP: 23/27 MP: 1/1
   810 | D:2      | Reached XP level 3. HP: 33/33 MP: 2/2
   885 | D:2      | Found a faded altar of an unknown god.
  1603 | D:3      | Found a white marble altar of Elyvilon.
  1636 | D:3      | You fall into a shaft and drop 2 floors!
  1636 | D:5      | Entered Level 5 of the Dungeon
  1637 | D:5      | Noticed a black bear
  1639 | D:4      | Noticed a scorpion
  1649 | D:4      | Killed a scorpion
  1650 | D:4      | Reached skill level 1 in Throwing
  1650 | D:4      | Reached XP level 4. HP: 3/41 MP: 3/3
  1650 | D:4      | HP: 2/41 [poisoned by a scorpion]
  1650 | D:4      | Slain by an orc wizard

Illustrated notes

Levels and vault maps discovered:
D:1:      heliophobic_arrival_enchanted_forest, layout_loops_ring
D:2:      layout_loops_ring, chequers_ecumenical_altar_grove,
          minmay_misc_feat_iff
D:3:      layout_basic, lemuel_tele_altar, nicolae_ru_the_path_less_chosen,
          mainiacjoe_overflow_six_doors_small, kennysheep_generic_room_6,
          uniq_jessica
D:4:      layout_rooms, uniq_menkaure
D:5:      layout_basic, overflow_temple_1_default, uniq_ijyb

Skill      XL: |  1  2  3 |
---------------+----------+-----
Fighting       | 4 |  4.6
Axes           | 3 |  3.8
Armour         | 4 |  4.2
Throwing       | 1 |  1.1
Shields        | 4 |  4.0

Action                   |  1- 3 |  4- 6 || total
-------------------------+-------+-------++-------
Melee: War axe           |    71 |     1 ||    72
       Headbutt          |    10 |       ||    10
Armor: Scale mail        |    32 |       ||    32
Dodge: Dodged            |    29 |       ||    29
Block: Buckler           |    11 |       ||    11

Table legend: (Time is in decaauts)
 A = Elapsed time spent in this place.
 B = Non-inter-level travel time spent in this place.
 C = Inter-level travel time spent in this place.
 D = Time resting spent in this place.
 E = Time spent auto-exploring this place.
 F = Levels seen in this place.
 G = Mean time per level.
                   A        B        C        D        E       F      G
               +--------+--------+--------+--------+--------+-----+--------+
         Total |   1677 |   1595 |     82 |      0 |    971 |   5 |  335.4 |
       Dungeon |   1677 |   1595 |     82 |      0 |    971 |   5 |  335.4 |
               +--------+--------+--------+--------+--------+-----+--------+

Top non-repeatable levels by time:
     D:2: 888 daAuts
     D:1: 702 daAuts
     D:3: 70 daAuts
     D:4: 13 daAuts
     D:5: 2 daAuts
